 Dungeon Crawl Stone Soup version 0.27.1-34-g3ba077fa99 (webtiles) character file.

Game seed: 10703725877826877236

17283 Delamore the Unseen (level 12, -10/80 HPs)
             Began as an Octopode Brigand on Feb 5, 2022.
             Was an Initiate of Gozag.
             Killed from afar by a lindwurm (16 damage)
             ... with a blast of flame
             ... on level 4 of the Lair of Beasts.
             The game lasted 00:17:52 (18813 turns).

Delamore the Unseen (Octopode Brigand)             Turns: 18813, Time: 00:17:52

Health: -10/80     AC:  5    Str: 10    XL:     12   Next: 46%
Magic:  12/12      EV: 22    Int: 19    God:    Gozag
Gold:   634        SH:  5    Dex: 25    Spells: 11/11 levels left

rFire    + . .     SeeInvis .   m - +4 dagger (venom)
rCold    . . .     Faith    .   (no shield)
rNeg     . . .     Spirit   .   (helmet restricted)
rPois    +         Reflect  +   D - amulet of reflection
rElec    .         Harm     .   f - +4 ring of evasion
rCorr    .         Rampage  .   n - ring of poison resistance
Will     +....                  w - ring of flight
Stlth    +++++++...             B - ring of willpower
HPRegen  0.23/turn              G - +4 ring of protection
MPRegen  0.13/turn              H - +6 ring of dexterity
                                K - +6 ring of intelligence
                                O - ring of protection from fire

@: attractive, flying
A: almost no armour, amphibious, 8 rings, camouflage 1, gelatinous body 1,
(nimble swimmer 1), tentacles
a: Renounce Religion, Potion Petition, Call Merchant, Bribe Branch


You were on level 4 of the Lair of Beasts.
You worshipped Gozag.
Gozag was pleased with you.
You visited 3 branches of the dungeon, and saw 14 of its levels.

You collected 1902 gold pieces.
You paid 1268 gold pieces to Gozag.

Inventory:

Hand Weapons
 a - a +2 dagger
 i - a +2 dagger of speed
 m - a +4 dagger of venom (weapon)
Missiles
 b - 53 poisoned darts
 h - 5 javelins
 s - 7 boomerangs (quivered)
 z - 7 curare-tipped darts
 A - 2 throwing nets
 E - 2 boomerangs of dispersal
Jewellery
 f - a +4 ring of evasion (left tentacle)
 n - a ring of poison resistance (right tentacle)
 w - a ring of flight (on tentacle)
 y - an amulet of magic regeneration
 B - a ring of willpower (on tentacle)
 D - an amulet of reflection (around mantle)
 G - a +4 ring of protection (on tentacle)
 H - a +6 ring of dexterity (on tentacle)
 K - a +6 ring of intelligence (on tentacle)
 O - a ring of protection from fire (on tentacle)
Wands
 v - a wand of flame (42)
 x - a wand of paralysis (3)
 I - a wand of charming (5)
Scrolls
 e - 6 scrolls of teleportation
 k - 3 scrolls of amnesia
 l - a scroll of noise
 p - a scroll of enchant armour
 r - 2 scrolls of magic mapping
 u - a scroll of vulnerability
 F - a scroll of summoning
 L - a scroll of blinking
 M - 2 scrolls of identify
Potions
 c - 2 potions of brilliance
 d - 2 potions of haste {unknown}
 g - 2 potions of lignification
 j - 2 potions of degeneration {unknown}
 o - 2 potions of ambrosia
 q - a potion of curing
 t - a potion of attraction
 C - a potion of invisibility {unknown}
 N - 2 potions of flight {unknown}
Miscellaneous
 J - a tin of tremorstones (2/2)


   Skills:
 + Level 6.5 Fighting
 - Level 10.0 Short Blades
 + Level 6.5 Throwing
 + Level 6.5 Dodging
 - Level 15.0 Stealth
 - Level 10.0 Evocations


You had 11 spell levels left.
You didn't know any spells.
Your spell library contained the following spells:

 Spells                   Type           Power      Damage    Failure   Level
 Animate Skeleton         Necr           0%         N/A       21%         1
 Pain                     Necr           0%         1d4       21%         1
 Sting                    Tmut/Pois      0%         1d3       21%         1
 Poisonous Vapours        Pois/Air       0%         N/A       30%         2
 Slow                     Hex            0%         N/A       30%         2
 Confusing Touch          Hex            0%         N/A       52%         3
 Vampiric Draining        Necr           0%         2d6       52%         3
 Olgreb's Toxic Radiance  Pois           0%         N/A       90%         4
 Yara's Violent Unravell  Hex/Tmut       0%         3d3       99%         5


Dungeon Overview and Level Annotations

Branches:
Dungeon (9/15)             Temple (1/1) D:5            Lair (4/6) D:9
 Spider (0/4) Lair:3
  Swamp: Lair:2-4    Shoals: Lair:2-4       Orc: D:9-12

Altars:
Cheibriados
Dithmenos
Fedhas
Gozag
Qazlal
Ru
Vehumet
Wu Jian
The Shining One
Lugonu

Shops:
D:2 (   Lair:3 ==

Portals:
Abyss: D:3


Innate Abilities, Weirdness & Mutations

You cannot wear most types of armour.
You are amphibious.
You can wear up to eight rings at the same time.
Your skin changes colour to match your surroundings (Stealth+).
Your rubbery body absorbs attacks. (AC +1, EV +1)
((You are camouflaged near water. (Stealth+)))
You have tentacles for arms and can constrict up to eight enemies at once.


Message History

You squeeze the lindwurm.
The lindwurm is moderately wounded.
The lindwurm bites you!
* * * LOW HITPOINT WARNING * * *
The lindwurm completely misses you. The lindwurm closely misses you.
You feel better. The lindwurm breathes flames at you.
The blast of flame hits you!! You resist.
* * * LOW HITPOINT WARNING * * *
You feel better.
The lindwurm bites you but does no damage.
You block the lindwurm's attack. The lindwurm misses you.
You feel better. The lindwurm closely misses you.
The lindwurm claws you but does no damage.
The lindwurm claws you!
* * * LOW HITPOINT WARNING * * *
It was a potion of attraction.
You feel attractive to monsters. The lindwurm breathes flames at you.
The blast of flame hits you! You resist.
* * * LOW HITPOINT WARNING * * *
You feel better. The lindwurm completely misses you. x2
The lindwurm claws you.
* * * LOW HITPOINT WARNING * * *
Okay, then.
Aiming: Paralyse
Press: ? - help, Shift-Dir - straight line, f - lindwurm
Aim: a lindwurm (severely wounded, extremely poisoned, catching its breath, chance to affect: 55%)
The lindwurm resists with significant effort.
The lindwurm misses you. The lindwurm claws you.
* * * LOW HITPOINT WARNING * * *
The lindwurm misses you.
Aiming: Paralyse
Press: ? - help, Shift-Dir - straight line, f/p - lindwurm
Aim: a lindwurm (severely wounded, extremely poisoned, chance to affect: 55%)
The lindwurm resists with significant effort.
The lindwurm breathes flames at you. The blast of flame hits you! You resist.
You die...
Your body crumbles into a pile of gold.

#................P#
....................#
....#..........)......#
.....................(#
.........?.........P.##
.......#...........P##
.......#..........###
#..)....#$##
.........@#
##........k..P..#
##########..#.## ...#
.## .ยง .# .#


You could see a lindwurm (very poisoned, catching breath).

Vanquished Creatures
  Harold (D:7)
  A boulder beetle (Lair:4)
  Erica (D:8)
  Pikel (D:7)
  An orb spider (Lair:3)
  A cyclops (D:7)
  5 elephants
  2 cane toads
  Maggie (D:7)
  3 komodo dragons
  2 rime drakes
  A polar bear (Lair:3)
  9 blink frogs
  17 yaks
  5 basilisks
  2 wyverns
  A steam dragon (D:9)
  10 water moccasins
  Duvessa (D:7)
  A hornet zombie (D:7)
  4 orc warriors
  An ice beast (D:6)
  A necrophage (D:7)
  3 ogres
  9 wolves (Lair:2)
  A lemure (D:7)
  A phantom (D:6)
  2 kobold brigands
  3 bullfrogs
  A scorpion (D:6)
  Dowan (D:7)
  2 water moccasin skeletons
  2 howler monkeys (D:7)
  A centaur zombie (D:9)
  A bullfrog zombie (D:5)
  8 hounds
  4 orc priests
  3 centaur skeletons
  Crazy Yiuf (D:4)
  A bullfrog skeleton (D:6)
  A jelly (D:5)
  2 scorpion zombies (D:5)
  4 iguanas
  15 orc wizards
  Terence (D:2)
  2 killer bee zombies
  A howler monkey zombie (D:7)
  An adder (D:2)
  4 gnolls (D:4)
  A white imp (D:6)
  3 worms
  4 dart slugs
  32 orcs
  11 ball pythons
  3 endoplasms
  5 giant cockroaches
  7 goblins
  12 hobgoblins
  6 jackals
  3 quokkas
  3 bats
  3 frilled lizards
  14 kobolds
  A quokka skeleton (D:4)
  9 rats
  A lurking horror (D:3)
265 creatures vanquished.

Vanquished Creatures (others)
  2 orcs (D:9)
  3 bushes (D:9)
  14 fungi
  2 lurking horrors (D:3)
  28 plants
49 creatures vanquished.

Grand Total: 314 creatures vanquished

Notes
Turn   | Place    | Note
-------+----------+-------------------------------------------
     0 | D:1      | Delamore the Octopode Brigand began the quest for the Orb.
     0 | D:1      | Reached XP level 1. HP: 14/14 MP: 1/1
   129 | D:1      | Reached XP level 2. HP: 19/19 MP: 2/2
   172 | D:1      | Found a faded altar of an unknown god.
   177 | D:1      | Reached skill level 6 in Stealth
   516 | D:1      | Reached XP level 3. HP: 24/24 MP: 3/3
  1084 | D:2      | Found Nukoicot's Weapon Emporium.
  1198 | D:2      | Noticed Terence
  1204 | D:2      | Killed Terence
  1205 | D:2      | Reached skill level 7 in Stealth
  1205 | D:2      | Reached XP level 4. HP: 29/29 MP: 4/4
  2211 | D:3      | Reached XP level 5. HP: 25/34 MP: 5/5
  2421 | D:3      | Reached skill level 8 in Stealth
  2816 | D:3      | Found a corrupted altar of Lugonu.
  2816 | D:3      | Found a one-way gate to the infinite horrors of the Abyss.
  2924 | D:3      | Noticed an ogre
  2933 | D:3      | Killed an ogre
  2934 | D:3      | Reached XP level 6. HP: 24/39 MP: 6/6
  3473 | D:4      | Reached skill level 9 in Stealth
  4112 | D:4      | Found a runed translucent door.
  4113 | D:4      | Noticed Crazy Yiuf
  4302 | D:4      | Killed Crazy Yiuf
  4303 | D:4      | Reached XP level 7. HP: 23/45 MP: 7/7
  4493 | D:5      | Entered Level 5 of the Dungeon
  4607 | D:5      | Reached skill level 10 in Stealth
  4755 | D:5      | Reached skill level 5 in Short Blades
  5010 | D:5      | Found a glowing golden altar of the Shining One.
  5010 | D:5      | Found a faded altar of an unknown god.
  5018 | D:5      | Found a snail-covered altar of Cheibriados.
  5020 | D:5      | Found a radiant altar of Vehumet.
  5022 | D:5      | Found a stormy altar of Qazlal.
  5642 | D:5      | Found a staircase to the Ecumenical Temple.
  5851 | Temple   | Entered the Ecumenical Temple
  5865 | Temple   | Became a worshipper of Gozag Ym Sagoz the Greedy
  5982 | D:6      | Reached XP level 8. HP: 16/50 MP: 8/8
  7152 | D:7      | Noticed a cyclops
  7153 | D:7      | Noticed Harold
  7345 | D:7      | Noticed Maggie
  7358 | D:7      | Killed Maggie
  7579 | D:7      | Noticed Duvessa
  7654 | D:7      | Noticed Dowan
  8681 | D:7      | Killed Duvessa
  8682 | D:7      | Reached XP level 9. HP: 47/54 MP: 9/9
  8819 | D:7      | Killed Dowan
  8830 | D:7      | Noticed Pikel
  8840 | D:7      | Reached skill level 10 in Short Blades
  8852 | D:7      | Killed Pikel
  9686 | D:7      | Killed Harold
  9687 | D:7      | Reached XP level 10. HP: 64/64 MP: 10/10
  9846 | D:7      | Killed a cyclops
 10645 | D:8      | Reached skill level 5 in Fighting
 10653 | D:8      | Reached skill level 5 in Throwing
 10653 | D:8      | Reached skill level 5 in Evocations
 10657 | D:8      | Reached skill level 5 in Dodging
 10948 | D:8      | Noticed Erica
 10960 | D:8      | Killed Erica
 11500 | D:9      | Reached skill level 11 in Stealth
 11734 | D:9      | Found a shadowy altar of Dithmenos.
 12439 | D:9      | Found a staircase to the Lair.
 12443 | D:9      | Reached XP level 11. HP: 71/71 MP: 11/11
 12703 | D:9      | Reached skill level 12 in Stealth
 13555 | Lair:1   | Entered Level 1 of the Lair of Beasts
 14097 | Lair:1   | Reached skill level 13 in Stealth
 15807 | Lair:2   | Reached skill level 14 in Stealth
 16142 | Lair:2   | Reached skill level 10 in Evocations
 16868 | Lair:3   | Identified the +1 hunting sling of Doom {flame, Str+2}
 16885 | Lair:3   | Found a hole to the Spider Nest.
 16885 | Lair:3   | Noticed an orb spider
 16892 | Lair:3   | Killed an orb spider
 16893 | Lair:3   | Reached XP level 12. HP: 77/77 MP: 12/12
 17157 | Lair:3   | Reached skill level 15 in Stealth
 18760 | Lair:4   | Noticed a boulder beetle
 18780 | Lair:4   | Killed a boulder beetle
 18807 | Lair:4   | HP: 3/80 [lindwurm/blast of flame (18)]
 18813 | Lair:4   | Killed from afar by a lindwurm

Illustrated notes

Levels and vault maps discovered:
D:1:      wheals_arrival_linesprint, layout_loops_ring,
          ebering_ecumenical_altar_mist, minmay_tiny_reverse_x
D:2:      minmay_skewed_foursquare, layout_basic, serial_shops,
          nicolae_square_shop, serial_co_window_serial, co_window_paths_b,
          co_window_paths_a, co_window_cross_1, co_window_paths_a,
          co_window_cross_1, co_window_2corner, co_window_broadway_a,
          co_window_2corner, co_window_of_opportunity_b, co_window_corner_cb,
          st_stairs_4, uniq_terence
D:3:      layout_basic, amcnicky_altar_lugonu_corruption
D:4:      layout_rooms, roderic_serpentine_path, uniq_crazy_yiuf_cottage
D:5:      layout_loops_ring, chequers_temple_overflow_minitemple,
          lemuel_temple_firewalk_b
D:6:      layout_basic
D:7:      layout_rooms, uniq_duvessa, uniq_maggie, uniq_harold, uniq_pikel
D:8:      layout_basic, uniq_erica
D:9:      layout_basic, mainiacjoe_overflow_boulevard, minmay_lair_entry_grove
Temple:   compressed_dpeg_circular_temple
Lair:1:   layout_chaotic_city, infiniplex_staircase_pool_2, grunt_megastairs_3
Lair:2:   beast_lair_carwin_large_4, layout_loops_ring,
          grunt_forest_small_clearing_treed
Lair:3:   layout_regular_city, nicolae_spider_entry_orb_guardian
Lair:4:   layout_cave_pods, minmay_swamp_entry_eels

Skill      XL: |  1  2  3  4  5  6  7  8  9 10 11 12 |
---------------+-------------------------------------+-----
Stealth        | 6 7 8 9 10 11 14 15 | 15.0
Short Blades   | 3 4 7 9 10 | 10.0
Dodging        | 3 5 6 |  6.5
Evocations     | 4 7 10 | 10.0
Fighting       | 4 5 6 |  6.5
Throwing       | 4 5 6 |  6.5

Action                   |  1- 3 |  4- 6 |  7- 9 | 10-12 || total
-------------------------+-------+-------+-------+-------++-------
Melee: Dagger            |    54 |    94 |   231 |   567 ||   946
       Constrict         |    12 |    22 |    45 |    56 ||   135
       Tentacles         |     3 |    21 |    61 |   142 ||   227
Throw: Dart              |       |     9 |    12 |   104 ||   125
       Javelin           |       |       |     1 |     3 ||     4
       Boomerang         |       |       |       |     5 ||     5
Invok: Call Merchant     |       |       |       |     2 ||     2
Evoke: Wand              |       |       |       |     2 ||     2
  Use: Scroll            |     4 |     2 |     1 |     3 ||    10
       Potion            |       |       |       |    11 ||    11
 Stab: Sleeping          |    16 |    17 |    13 |    15 ||    61
       Distracted        |       |       |     1 |     3 ||     4
Armor: Skin              |     1 |     1 |     1 |    50 ||    53
Dodge: Dodged            |    18 |    41 |    86 |   329 ||   474
Block: Other             |       |       |       |    18 ||    18
